Map: [ESL] Alcyone

Players

YoungYakov

  • Race: Zerg Zerg
  • Spawn Location: 7:00

AqueroN - Winner!

  • Race: Terran Terran
  • Spawn Location: 1:00

Event: ESL SC2 Masters 2024 Spring (Regional)

VOD

Have the link to the VOD?

Description

Time

  • Played on: April 16, 2024, 1:26 p.m.
  • Length: 19:34

All games in this series

Show
View Real Time Build Order
Export as new Build Order

YoungYakov Zerg 

Build Orders: Hatch First 

Get SALT Encoding   

  12  0:00  Drone  
  13  0:12  Overlord  
  13  0:17  Drone  
  14  0:31  Drone x2  
  16  0:48  Hatchery  
  15  0:50  Drone  
  15  0:54  Drone  
  17  0:57  Drone  
  18  1:08  Extractor  
  17  1:12  Spawning Pool  
  17  1:16  Drone  
  17  1:21  Drone  
  18  1:28  Drone  
  19  1:38  Drone  
  20  1:50  Drone  
  21  1:59  Queen x2  
  21  2:01  Zergling x2, Overlord  
  26  2:11  Drone x2  
  26  2:14  Metabolic Boost  
  28  2:26  Extractor  
  28  2:27  Zergling x2  
  28  2:28  Drone  
  29  2:33  Overlord  
  29  2:37  Drone  
  29  2:40  Queen  
  29  2:41  Queen  
  34  2:44  Extractor  
  34  2:45  Drone x2  
  36  2:58  Hatchery  
  36  3:01  Drone  
  36  3:02  Drone  
  38  3:06  Drone  
  38  3:09  Drone  
  38  3:10  Overlord  
  40  3:14  Drone  
  40  3:16  Drone x2  
  43  3:22  Overlord  
  43  3:26  Drone  
  44  3:31  Drone, Queen  
  47  3:35  Queen  
  47  3:40  Drone x2  
  51  3:43  Drone x2  
  51  3:46  Zergling x2  
  51  3:47  Overlord  
  54  3:51  Drone  
  54  3:52  Drone  
  54  3:55  Overlord  
  55  3:58  Overlord  
  55  4:00  Extractor  
  54  4:02  Overlord  
  54  4:05  Overlord  
  54  4:09  Drone x2  
  56  4:10  Drone  
  56  4:13  Zergling x4  
  56  4:16  Zergling x2  
  60  4:22  Drone x2  
  62  4:28  Zergling x4  
  62  4:29  Drone  
  65  4:33  Evolution Chamber, Queen  
  65  4:34  Evolution Chamber, Drone x2  
  69  4:38  Drone x3  
  69  4:45  Spore Crawler  
  69  4:46  Spore Crawler, Drone x2  
  69  4:52  Spore Crawler  
  68  4:53  Drone  
  68  4:54  Drone x4  
  73  5:00  Zerg Ground Armor Level 1  
  73  5:01  Zerg Melee Weapons Level 1  
  73  5:07  Zergling x8  
  72  5:16  Lair  
  72  5:17  Drone x5  
  76  5:24  Hatchery  
  76  5:28  Drone  
  76  5:29  Baneling Nest, Drone  
  76  5:30  Extractor, Drone x2  
  76  5:33  Extractor  
  76  5:36  Zergling x6  
  76  5:37  Zergling x2  
  76  5:39  Overlord  
  76  5:40  Drone x2  
  76  5:42  Drone  
  83  5:44  Zergling x6  
  83  5:48  Overlord  
  86  5:50  Spore Crawler  
  86  5:51  Drone  
  85  5:57  Overlord  
  85  6:00  Zergling x6  
  85  6:01  Overlord  
  85  6:02  Drone x2  
  90  6:08  Hatchery  
  88  6:21  Zergling x14  
  89  6:29  Zergling x16  
  94  6:36  Drone x4  
  94  6:37  Drone x2  
  100  6:42  Centrifugal Hooks  
  100  6:46  Infestation Pit  
  98  6:47  Drone x4  
  98  6:48  Overseer  
  98  6:53  Zergling x8  
  106  7:01  Baneling x2  
  106  7:02  Baneling x3  
  106  7:03  Baneling  
  106  7:05  Drone x4  
  106  7:06  Overseer  
  110  7:10  Drone  
  110  7:11  Drone, Hatchery  
  110  7:15  Zergling x8  
  117  7:18  Overlord  
  117  7:21  Zergling x12  
  121  7:24  Queen  
  123  7:31  Drone  
  123  7:32  Overlord, Drone x3, Extractor  
  123  7:37  Zergling x10, Spore Crawler  
  128  7:39  Overseer  
  122  7:45  Zergling x18  
  122  7:47  Queen  
  125  7:56  Spire  
  125  7:58  Spore Crawler x2  
  113  8:05  Spore Crawler x2  
  104  8:07  Zergling x14, Spore Crawler  
  104  8:08  Zergling x6  
  94  8:15  Zergling x12  
  84  8:28  Queen  
  78  8:38  Queen x2  
  79  8:47  Spore Crawler  
  79  8:48  Spore Crawler  
  57  9:04  Hydralisk Den  
  57  9:07  Mutalisk x13  
  57  9:09  Zergling x18  
  91  9:25  Zergling x12  
  91  9:28  Zergling x4  
  97  9:42  Pneumatized Carapace  
  99  9:45  Drone x6  
  99  9:46  Drone x4, Queen  
  99  9:48  Muscular Augments  
  109  9:55  Drone  
  109  9:56  Drone x3  
  113  10:02  Drone x2  
  113  10:11  Spore Crawler  
  113  10:13  Drone  
  113  10:14  Drone x3  
  115  10:25  Zergling x10  
  115  10:26  Hydralisk  
  121  10:31  Baneling x6  
  121  10:35  Hydralisk, Hatchery  
  121  10:36  Hydralisk  
  124  10:49  Hydralisk x2  
  128  10:50  Zergling x12  
  134  11:10  Zergling x16  
  142  11:13  Hatchery  
  142  11:15  Grooved Spines  
  141  11:25  Zergling x10  
  146  11:27  Baneling x3  
  146  11:31  Extractor  
  146  11:32  Extractor  
  144  11:33  Drone x2  
  144  11:47  Hydralisk x2  
  144  11:49  Drone x4  
  144  11:50  Overlord x2  
  144  11:51  Overlord  
  143  12:06  Hydralisk  
  143  12:07  Zergling x16  
  136  12:10  Zergling x6  
  131  12:16  Hydralisk  
  131  12:21  Zergling x6  
  131  12:26  Hydralisk  
  131  12:28  Zergling x6  
  131  12:30  Baneling, Extractor  
  130  12:39  Zergling x2  
  130  12:40  Zergling x8  
  125  12:46  Hydralisk  
  125  12:47  Zergling x2  
  125  12:48  Zergling x6, Queen x2  
  127  12:53  Baneling  
  127  12:54  Zergling x2, Baneling x3  
  127  12:55  Zergling x2  
  123  13:02  Zergling x10  
  123  13:10  Hydralisk x2  
  123  13:12  Zergling x6  
  110  13:19  Zergling x10  
  94  13:25  Zergling x2  
  94  13:26  Zergling x4  
  80  13:30  Zergling x6  
  74  13:40  Zergling x2  
  69  14:05  Hydralisk x3  
  69  14:10  Zerg Missile Weapons Level 1  
  69  14:13  Hydralisk x3  
  70  14:20  Hatchery  
  69  14:32  Hydralisk x5  
  69  14:33  Hatchery  
  78  14:39  Baneling x5  
  76  14:57  Drone  
  77  15:00  Zergling x6  
  77  15:01  Hatchery  
  79  15:07  Lair  
  79  15:14  Baneling x7  
  79  15:21  Drone  
  79  15:22  Drone x3  
  81  15:35  Drone x6  
  87  15:49  Drone x3  
  90  15:51  Hydralisk x3  
  90  15:53  Hydralisk x3  
  103  16:01  Drone x2  
  103  16:02  Drone  
  106  16:06  Lurker Den  
  105  16:18  Drone x2  
  107  16:20  Extractor  
  106  16:26  Hatchery  
  106  16:28  Drone  
  106  16:29  Drone x2  
  106  16:30  Hatchery  
  106  16:35  Zergling x10  
  111  16:44  Extractor  
  111  16:46  Overseer  
  110  16:53  Hydralisk x6  
  122  16:56  Extractor  
  122  17:00  Drone x3  
  122  17:01  Infestation Pit  
  115  17:12  Lurker x2  
  115  17:13  Lurker  
  118  17:17  Drone x6  
  123  17:23  Lurker  
  123  17:25  Drone x3  
  123  17:27  Overlord x3  
  126  17:43  Drone x6  
  132  17:45  Hive  
  132  17:54  Hydralisk x3  
  138  17:59  Lurker x3  
  141  18:10  Hydralisk x5  
  151  18:18  Zergling x12  
  143  18:45  Hatchery  
  143  18:47  Hydralisk x5  
  138  18:52  Zergling x2  
  138  18:53  Zergling x6  
  101  19:04  Overseer  
Show
View Real Time Build Order
Export as new Build Order

AqueroN Terran - Winner!

Build Orders: Reaper Expand, Hellion Banshee 

Get SALT Encoding   

  12  0:00  SCV  
  13  0:12  SCV  
  14  0:17  Supply Depot  
  14  0:24  SCV  
  15  0:38  SCV  
  15  0:39  Barracks  
  16  0:42  Refinery  
  16  0:50  SCV  
  17  1:03  SCV  
  18  1:15  SCV  
  19  1:27  Orbital Command, Reaper  
  20  1:40  Command Center  
  20  1:48  Supply Depot  
  20  1:53  SCV  
  21  1:59  Marine  
  22  2:05  SCV  
  23  2:12  Factory  
  23  2:17  SCV  
  23  2:20  Barracks Reactor  
  24  2:29  SCV  
  25  2:40  Command Center  
  25  2:41  SCV  
  26  2:53  SCV, Orbital Command  
  26  2:57  Refinery  
  27  3:04  Starport  
  27  3:07  SCV  
  28  3:14  Hellion  
  28  3:18  Hellion  
  32  3:21  SCV  
  32  3:22  SCV  
  34  3:32  Barracks Tech Lab  
  34  3:34  SCV x2  
  35  3:36  Hellion  
  35  3:39  Hellion  
  40  3:46  SCV x2  
  42  3:53  Orbital Command  
  42  3:56  Cloaking Field, Banshee  
  42  4:00  Hellion  
  42  4:01  SCV  
  48  4:03  SCV  
  48  4:06  Hellion  
  51  4:12  Starport  
  51  4:15  SCV x2  
  53  4:22  Supply Depot  
  53  4:23  SCV  
  54  4:25  Refinery  
  54  4:27  SCV  
  54  4:30  Supply Depot  
  55  4:32  Hellion  
  55  4:33  Hellion  
  55  4:34  SCV  
  55  4:36  SCV  
  61  4:41  Supply Depot  
  61  4:46  Banshee  
  61  4:47  Barracks Tech Lab  
  61  4:51  Starport  
  61  4:52  SCV x2  
  66  4:56  Supply Depot  
  66  4:58  SCV  
  66  4:59  Hyperflight Rotors  
  67  5:00  Hellion  
  67  5:01  Hellion  
  67  5:04  SCV  
  72  5:14  SCV x2  
  67  5:21  SCV  
  68  5:23  Hellion x2  
  68  5:24  Refinery  
  68  5:26  SCV, Banshee  
  76  5:28  Starport Tech Lab  
  76  5:32  Orbital Command  
  76  5:35  SCV  
  77  5:36  Banshee  
  77  5:38  SCV  
  77  5:39  Marine  
  82  5:44  Supply Depot  
  82  5:48  Hellion x2  
  86  5:55  Banshee  
  89  5:58  SCV x3  
  89  6:01  Supply Depot  
  89  6:02  Supply Depot x2  
  92  6:09  Banshee  
  95  6:11  SCV x2  
  97  6:19  Banshee  
  97  6:24  SCV x3  
  95  6:26  Hellion  
  95  6:27  Hellion  
  93  6:37  Banshee  
  94  6:41  SCV x3  
  94  6:42  Refinery  
  94  6:45  Refinery  
  97  6:48  Hellion x2  
  97  6:52  Banshee  
  104  6:54  SCV x2  
  104  6:56  SCV, Factory  
  104  6:57  Supply Depot, Factory  
  107  7:02  Banshee  
  107  7:06  SCV  
  107  7:07  SCV  
  107  7:08  SCV  
  113  7:09  Hellion x2  
  113  7:13  Factory x2  
  117  7:21  Banshee  
  120  7:25  SCV x3  
  123  7:35  Banshee  
  122  7:45  Banshee  
  115  7:52  Hellion  
  115  7:53  Hellion  
  115  7:55  Factory Tech Lab x2  
  116  8:02  Cyclone x2  
  116  8:04  Banshee  
  117  8:13  Cyclone  
  117  8:14  Cyclone  
  117  8:16  Cyclone  
  117  8:18  Banshee  
  91  8:31  SCV x3  
  90  8:34  Cyclone x2, Banshee  
  90  8:37  Cyclone  
  101  8:48  SCV x3, Cyclone x2  
  101  9:01  Banshee x2  
  101  9:02  SCV x2  
  109  9:10  Cyclone  
  109  9:14  Supply Depot  
  109  9:16  Hurricane Engines  
  109  9:18  Supply Depot  
  109  9:33  SCV, Cyclone  
  109  9:36  Cyclone x4  
  111  9:40  SCV x2  
  111  9:41  Supply Depot, Engineering Bay  
  111  9:45  SCV  
  111  9:51  Supply Depot  
  111  9:52  Cyclone, Supply Depot, Banshee  
  116  9:58  SCV x2  
  118  10:05  Cyclone  
  118  10:06  Banshee x2  
  126  10:08  Cyclone  
  126  10:11  Missile Turret  
  126  10:12  Missile Turret  
  128  10:15  Missile Turret  
  128  10:25  Cyclone x3  
  128  10:27  Cyclone  
  133  10:35  Missile Turret x2  
  133  10:36  Missile Turret  
  133  10:46  Cyclone x2  
  133  10:49  Banshee x2  
  139  10:57  Cyclone  
  124  11:07  Siege Tank x2  
  124  11:08  Cyclone  
  124  11:11  SCV x3  
  132  11:18  Cyclone  
  132  11:23  SCV x3, Fusion Core  
  137  11:27  Cyclone  
  137  11:29  Command Center  
  139  11:39  Cyclone x2  
  144  11:40  Cyclone  
  144  11:41  Cyclone  
  143  11:50  Cyclone  
  144  11:55  SCV x3  
  147  12:01  Cyclone  
  147  12:08  Banshee  
  128  12:11  Cyclone x2  
  128  12:12  Cyclone  
  128  12:13  Cyclone  
  128  12:15  Banshee  
  119  12:16  Banshee  
  120  12:24  Cyclone  
  120  12:33  Cyclone  
  120  12:43  Cyclone  
  120  12:44  Cyclone  
  124  12:47  Cyclone x2  
  128  12:57  Banshee  
  127  13:11  Cyclone  
  103  13:24  Cyclone x2  
  78  13:34  Cyclone  
  78  13:35  Hellion x2  
  80  13:43  SCV x2, Cyclone  
  80  13:44  SCV  
  80  13:47  Refinery  
  85  13:56  SCV x3  
  85  13:57  Hellion x4  
  96  14:06  Cyclone  
  90  14:15  Cyclone  
  91  14:18  Cyclone x2, Hellion x2  
  96  14:25  Banshee  
  96  14:26  Banshee x2  
  105  14:38  Cyclone  
  105  14:42  Cyclone x2  
  111  14:47  Cyclone  
  111  14:52  SCV x3, Command Center  
  116  14:56  Cyclone  
  116  14:57  Cyclone  
  120  15:03  Supply Depot x2  
  120  15:08  Banshee  
  120  15:10  Cyclone  
  125  15:14  Cyclone, Marine  
  125  15:18  Banshee  
  131  15:30  Banshee  
  131  15:33  Cyclone x2  
  135  15:36  Cyclone  
  135  15:39  Infernal Pre-Igniter  
  137  15:45  Cyclone  
  139  15:54  Cyclone x2  
  143  16:05  Cyclone x2  
  143  16:09  Hellion  
  143  16:10  Banshee  
  152  16:19  SCV x3  
  155  16:26  Refinery  
  155  16:29  Armory  
  157  16:32  Cyclone  
  157  16:36  Cyclone  
  159  16:45  Cyclone  
  161  16:50  Cyclone  
  163  16:58  Hellion  
  165  17:05  Banshee  
  159  17:11  Orbital Command  
  159  17:19  Cyclone  
  159  17:20  Cyclone  
  163  17:23  Terran Vehicle Weapons Level 1  
  167  17:30  Cyclone x2  
  167  17:38  Banshee  
  167  17:42  Banshee  
  173  17:50  Banshee  
  175  17:54  Cyclone x2  
  179  18:02  Supply Depot x2  
  179  18:23  Cyclone x3, Banshee  
  188  18:30  Cyclone x3  
  132  18:55  Cyclone x3  
Tags
 
Add a new tag
Caveats
  • Supply blocks, unpowered buildings, or Contaminate may cause inaccurate times.
  • Supply counts are checked every 10 seconds.